[Event "*** Titled Tuesday Blitz"]
[Site "Chess.com"]
[Date "2020.04.28"]
[Round "3"]
[White "Ind1anStar"]
[Black "Chichin_chao"]
[Result "1-0"]
[WhiteElo "2585"]
[BlackElo "2381"]
[TimeControl "180+1"]
[EndTime "10:28:21 PDT"]
[Termination "Ind1anStar won by resignation"]

1. c4 e5 2. g3 d6 3. Bg2 c5 4. Nc3 Nc6 5. e3 g6 6. Nge2 Bg7 7. O-O Nge7 8. d3 O-O 9. h3 f5 10. f4 Rb8 11. Rb1 a6 12. a3 b5 13. cxb5 axb5 14. b4 cxb4 15. axb4 Be6 16. Kh2 Qb6 17. Bd2 Ra8 18. e4 Kh8 19. Nd5 Bxd5 20. exd5 Nd4 21. fxe5 Nxe2 22. Qxe2 Bxe5 23. Bg5 Ng8 24. Be3 Bd4 25. Bf4 Rfe8 26. Qd2 Kg7 27. Rfe1 Kf7 28. Re6 Rad8 29. Rbe1 Rxe6 30. dxe6+ Ke7 31. Qa2 h6 32. h4 Bf6 33. Be3 Qb8 34. Rc1 Rc8 35. Rxc8 Qxc8 36.
Qa7+ Kxe6 37. Bf4 Ne7 38. Qb6 Be5 39. Bxe5 Kxe5 40. Qxb5+ Kf6 41. Qb6 Ke6 42. Qe3+ Kf6 43. Qxh6 Qc2 44. Qe3 Nc6 45. Qb6 Ne5 46. Qxd6+ 1-0

[Event "*** Titled Tuesday Blitz"]
[Site "Chess.com"]
[Date "2020.04.28"]
[Round "3"]
[White "UCantHandleDenker"]
[Black "Omk124"]
[Result "1-0"]
[WhiteElo "2559"]
[BlackElo "2353"]
[TimeControl "180+1"]
[EndTime "10:28:22 PDT"]
[Termination "UCantHandleDenker won by resignation"]

1. Nf3 Nf6 2. g3 g6 3. Bg2 Bg7 4. O-O O-O 5. c4 c5 6. Nc3 Nc6 7. d3 d6 8. a3 a6 9. Rb1 Bg4 10. b4 Nd7 11. Bd2 Rb8 12. bxc5 Nxc5 13. h3 Bxf3 14. Bxf3 Nd4 15. Bg2 b5 16. cxb5 axb5 17.
e3 Nde6 18. d4 Na4 19. Nxb5 Nb6 20. Ba5 Qd7 21. Bxb6 Rxb6 22. a4 Rfb8 23. Rc1 Ng5 24. h4 Ne6 25. Qc2 Ra6 26. Rfd1 Qd8 27. Bh3 d5 28.
Bxe6 Rxe6 29. Qc7 Ra6 30. Qxd8+ Rxd8 31. Ra1 Rda8 32. Nc7 R8a7 33. Nxa6 Rxa6 34. a5 e6 35. Ra4 Bf8 36. Rb1 Be7 37. Rb6 Ra8 38. a6 h6 39.
a7 1-0

[Event "*** Titled Tuesday Blitz"]
[Site "Chess.com"]
[Date "2020.04.28"]
[Round "3"]
[White "The_Machine04"]
[Black "TudorAnton"]
[Result "0-1"]
[WhiteElo "2290"]
[BlackElo "2503"]
[TimeControl "180+1"]
[EndTime "10:28:22 PDT"]
[Termination "TudorAnton won on time"]

1. d4 Nf6 2. Bg5 c5 3. Bxf6 gxf6 4. d5 d6 5. c4 Qb6 6. Qc2 Bf5 7. Qa4+ Nd7 8. Qb3 Rg8 9. Nc3 Qb4 10. Qxb4 cxb4 11. Nb5 Kd8 12. Nd4 Bg6 13. h4 h5 14. e3 Nc5 15. Ngf3 a5 16. Be2 a4 17. O-O Bg7 18. Nd2 f5 19. f4 Bf6 20. g3 e5 21. fxe5 Bxe5 22. Kf2 a3 23. b3 Kd7 24. Rg1 Rae8 25. Rae1 Bf6 26. Bf1 f4 27. N4f3 fxe3+ 28. Rxe3 Rxe3 29.
Kxe3 Re8+ 30. Kf2 Bc3 31. Bh3+ Kc7 32. Rd1 Nd3+ 33. Kg2 Re2+ 34. Kg1 Nb2 35. Bf1 Re3 36. Rc1 Nd3 37. Rd1 Nc5 38. Kf2 Re8 39. Re1 Rxe1 40. Kxe1 Bb1 41. Kd1 Bxa2 42. Kc2 Bxb3+ 43. Nxb3 a2 0-1

[Event "*** Titled Tuesday Blitz"]
[Site "Chess.com"]
[Date "2020.04.28"]
[Round "3"]
[White "josiwales"]
[Black "BocharovD"]
[Result "0-1"]
[WhiteElo "2601"]
[BlackElo "2803"]
[TimeControl "180+1"]
[EndTime "10:28:23 PDT"]
[Termination "BocharovD won on time"]

1. e4 c5 2. Nc3 Nc6 3. g3 g6 4. Bg2 Bg7 5. d3 d6 6. Be3 e5 7. Qd2 Nge7 8. Bh6 O-O 9. h4 Bxh6 10. Qxh6 f6 11. Qd2 Nd4 12. Nge2 Bg4 13. Nxd4 cxd4 14. Ne2 Qb6 15. c4 dxc3 16. Nxc3 Rac8 17. O-O Be6 18. Kh2 Nc6 19. f4 Nd4 20. f5 gxf5 21. exf5 Bxf5 22. Nd5 Qd8 23. Qh6 Rc2 24. Ne3 Rxg2+ 25. Kxg2 Bxd3 26. Rf2 f5 27. Kh2 Qe7 28. Nd5 Qf7 29. Qxd6 Be4 30.
Ne7+ Kg7 31. Qxe5+ Qf6 32. Qc5 Rf7 33. Raf1 Rxe7 34. b3 Nc6 0-1

[Event "*** Titled Tuesday Blitz"]
[Site "Chess.com"]
[Date "2020.04.28"]
[Round "3"]
[White "Yaacovn"]
[Black "Poghosyan_Suren"]
[Result "1-0"]
[WhiteElo "2755"]
[BlackElo "2525"]
[TimeControl "180+1"]
[EndTime "10:28:23 PDT"]
[Termination "Yaacovn won by resignation"]

1. d4 Nf6 2. Nf3 c5 3. c3 b6 4. dxc5 bxc5 5. e4 Bb7 6. e5 Ng8 7. Bc4 e6 8. O-O d5 9. exd6 Qxd6 10. Qe2 Nf6 11. Rd1 Qb6 12. a4 a5 13. Bb5+ Bc6 14. Na3 Be7 15. Nc4 Qb7 16. Nfe5 O-O 17. Nxc6 Nxc6 18. Qf3 Nd5 19. Ne3 Ne5 20. Qe4 Rad8 21.
Qxe5 Bf6 22. Qg3 Nxc3 23. bxc3 Bxc3 24. Rb1 Qe4 25. Ba3 Bb4 26. Bxb4 axb4 27. h3 c4 28. Bxc4 Rd4 29. Rxd4 Qxd4 30. Rxb4 Qc3 31. Rb3 Qe1+ 32.
Kh2 Rc8 33. Rb8 1-0

[Event "*** Titled Tuesday Blitz"]
[Site "Chess.com"]
[Date "2020.04.28"]
[Round "3"]
[White "Philosopherrr"]
[Black "silverback96"]
[Result "1-0"]
[WhiteElo "2482"]
[BlackElo "2119"]
[TimeControl "180+1"]
[EndTime "10:28:23 PDT"]
[Termination "Philosopherrr won by resignation"]

1. e4 c5 2. Nf3 Nc6 3. d4 cxd4 4.
Nxd4 Nf6 5. Nc3 e5 6. Ndb5 d6 7. a4 a6 8. Na3 Bg4 9. Qd3 Be7 10. Qg3 O-O 11. Bg5 Be6 12. Be2 Nd4 13. Bxf6 Bxf6 14. O-O Rc8 15. Rad1 Qb6 16. Rb1 Qb4 17. Bd3 h6 18. Rfd1 Bg5 19. Nd5 Bxd5 20. exd5 Bf4 21. Qh3 Qxa4 22. c3 Nb3 23. Bc2 b5 24. g3 Bg5 25. Qd7 g6 26. Qxd6 Rfe8 27. h4 b4 28.
hxg5 bxa3 29. bxa3 Rcd8 30. Bxb3 Qxb3 31. Qxd8 Qxd1+ 32.
Rxd1 Rxd8 33. gxh6 Kh7 34. c4 Kxh6 35. c5 Kg7 36. c6 Kf8 37. d6 Ke8 38. c7 Ra8 39. d7+ 1-0

[Event "*** Titled Tuesday Blitz"]
[Site "Chess.com"]
[Date "2020.04.28"]
[Round "3"]
[White "IMUffeVinther-Schou"]
[Black "Aikiigm"]
[Result "0-1"]
[WhiteElo "2265"]
[BlackElo "2518"]
[TimeControl "180+1"]
[EndTime "10:28:24 PDT"]
[Termination "Aikiigm won on time"]

1. e4 Nf6 2. Nc3 e5 3. Nf3 Bb4 4. Nxe5 Bxc3 5. dxc3 O-O 6. Be2 Re8 7. Nd3 Nxe4 8. O-O d6 9. Nf4 Nd7 10. Be3 Ndf6 11. c4 b6 12. Nd5 Bb7 13. Bf3 h6 14. Re1 Rb8 15. Qd3 Nxd5 16. cxd5 Nf6 17. c4 Qd7 18. Bd4 Ng4 19. Qc3 f6 20. Re6 Ne5 21. Bxe5 dxe5 22. Bg4 Bc8 23. Qg3 Qf7 24. Rc6 Bxg4 25. Qxg4 Rbd8 26. Rd1 Rd6 27. Rxd6 cxd6 28. Qf5 g6 29. Qc2 Kg7 30. Qa4 Rc8 31. h3 f5 32.
Qa6 Qc7 33. Rc1 Kf6 34. b4 Kg7 35. a4 Qb8 36. c5 bxc5 37. bxc5 dxc5 38. d6 Rd8 39. Rd1 Qb6 40. Qe2 Kf6 41. Qd2 Qc6 42. d7 g5 43. h4 c4 44. h5 c3 0-1

[Event "*** Titled Tuesday Blitz"]
[Site "Chess.com"]
[Date "2020.04.28"]
[Round "3"]
[White "GelmanAlexander"]
[Black "ChessQueen"]
[Result "1-0"]
[WhiteElo "2533"]
[BlackElo "2726"]
[TimeControl "180+1"]
[EndTime "10:28:25 PDT"]
[Termination "GelmanAlexander won by resignation"]

1. c4 e5 2. e3 Nf6 3. a3 d5 4. cxd5 Nxd5 5. Nf3 Bd6 6. d3 O-O 7. Nbd2 Nc6 8. b4 Nce7 9. Bb2 Ng6 10. h4 h5 11. Be2 Bg4 12. Ne4 a5 13. b5 a4 14.
Nfg5 Qd7 15. Bxg4 hxg4 16. h5 Nge7 17. h6 g6 18. d4 Qxb5 19. Rb1 Qa5+ 20. Kf1 Rad8 21.
dxe5 Bxe5 22. h7+ Kh8 23. Bxe5+ f6 24. Nxf6 Nxe3+ 25. fxe3 Rxd1+ 26. Rxd1 Qxe5 27. Nf7+ Kg7 28. Nxe5 Kxf6 29. Nd7+ 1-0

[Event "*** Titled Tuesday Blitz"]
[Site "Chess.com"]
[Date "2020.04.28"]
[Round "3"]
[White "MasterKroket"]
[Black "BronceYSueno"]
[Result "1-0"]
[WhiteElo "2394"]
[BlackElo "2173"]
[TimeControl "180+1"]
[EndTime "10:28:25 PDT"]
[Termination "MasterKroket won by resignation"]

1. d4 Nf6 2. c4 g6 3. Nc3 Bg7 4. e4 O-O 5. Nf3 d6 6. Be2 e5 7. d5 a5 8. O-O Na6 9. Bg5 h6 10. Bh4 Qe8 11. Nd2 Nd7 12. a3 Ndc5 13. b4 Nd7 14. f3 f5 15. Bf2 g5 16. exf5 Nf6 17.
g4 Bd7 18. Rb1 h5 19. Nde4 hxg4 20. fxg4 Bh6 21. Be3 Kh7 22. Nxg5+ Bxg5 23. Bxg5 Qf7 24. Qd2 Qg7 25. Bxf6 Qxf6 26. Ne4 Qh4 27. Qg5 Qxg5 28. Nxg5+ Kh6 29. Ne4 Rg8 30. h4 Raf8 31. g5+ Kh7 32.
f6 Be8 33. Bg4 Bg6 34. Bf5 Bxf5 35. Rxf5 Kg6 36. Rf3 Rh8 37. Rh3 Kf5 38. Nf2 e4 39. Rbb3 Rhg8 40. Kf1 Ke5 41. Ke2 Kd4 42. Rbe3 Kxc4 43.
Rxe4+ Kxd5 44. Rd3+ Kc6 45. Re7 axb4 46. axb4 Rh8 47.
Rd4 b5 48. f7 1-0

[Event "*** Titled Tuesday Blitz"]
[Site "Chess.com"]
[Date "2020.04.28"]
[Round "3"]
[White "KinKaiser"]
[Black "aspired"]
[Result "0-1"]
[WhiteElo "2503"]
[BlackElo "2740"]
[TimeControl "180+1"]
[EndTime "10:28:26 PDT"]
[Termination "aspired won by resignation"]

1. d4 Nf6 2. Nf3 e6 3. Bf4 d5 4. e3 c5 5. c3 Nc6 6. Nbd2 Be7 7. Ne5 Nxe5 8. Bxe5 O-O 9. Bd3 Bd6 10. f4 b6 11.
O-O a5 12. Qe2 Bb7 13. Bxf6 Qxf6 14. Nf3 cxd4 15. exd4 Qxf4 16. Ne5 Qh6 17. Rf3 g6 18. Rh3 Qg7 19. Nd7 Rfd8 20. Nxb6 Rab8 21. Na4 Bc6 22. Nc5 Bxc5 23. dxc5 e5 24. Qf2 e4 25. Bf1 d4 26.
cxd4 Qxd4 27. Qxd4 Rxd4 28. Rb3 Rbb4 29. Rxb4 axb4 30.
a4 bxa3 31. bxa3 f5 32. a4 Bxa4 33. Rb1 f4 34. Rc1 Bc6 35. Rb1 e3 36. Rb6 Rd1 0-1

[Event "*** Titled Tuesday Blitz"]
[Site "Chess.com"]
[Date "2020.04.28"]
[Round "3"]
[White "NFork"]
[Black "aakankshachess"]
[Result "0-1"]
[WhiteElo "1920"]
[BlackElo "2471"]
[TimeControl "180+1"]
[EndTime "10:28:26 PDT"]
[Termination "aakankshachess won on time"]

1. c4 c5 2. g3 Nc6 3. Bg2 g6 4. Nf3 Bg7 5. O-O e6 6. Nc3 Nge7 7. d4 cxd4 8. Nb5 O-O 9. Nbxd4 d5 10. cxd5 exd5 11.
Be3 Bg4 12. h3 Bxf3 13. Bxf3 Ne5 14. Qb3 Qd7 15. Bg2 Nc4 16. Rad1 Nxe3 17. Qxe3 Nc6 18.
Nb3 Ne7 19. Nc5 Qc7 20. Nd3 Rfe8 21. Rc1 Nc6 22. Qd2 Rad8 23. Nf4 Bh6 24. e3 d4 25. Bxc6 bxc6 26. exd4 Re4 27. Qc2 Rexd4 28. Qxc6 Qa5 29.
Rc5 Qxa2 30. Ng2 Qxb2 31. Rb5 Qe2 32. Rb7 Rd1 33. Rxd1 Rxd1+ 34. Kh2 Qxf2 35. Qe8+ Bf8 36. h4 Qg1+ 37. Kh3 Qh1+ 0-1

[Event "*** Titled Tuesday Blitz"]
[Site "Chess.com"]
[Date "2020.04.28"]
[Round "3"]
[White "MoreChessJulia"]
[Black "mjray79"]
[Result "0-1"]
[WhiteElo "1772"]
[BlackElo "2260"]
[TimeControl "180+1"]
[EndTime "10:28:26 PDT"]
[Termination "mjray79 won by resignation"]

1. d4 Nf6 2. c4 g6 3. f4 Bg7 4.
Nc3 O-O 5. e4 d6 6. Nf3 c5 7. d5 e6 8. h3 exd5 9. exd5 Re8+ 10.
Be2 Nh5 11. O-O Ng3 12. Re1 Bf5 13. Bd3 Bxd3 14. Qxd3 Rxe1+ 15. Nxe1 Nf5 16. Nf3 Na6 17.
a3 Nc7 18. g4 Nh4 19. Bd2 Nxf3+ 20. Qxf3 Qh4 21. Be3 Re8 22. Kg2 a6 23. Ne4 Qe7 24.
Bxc5 dxc5 25. d6 Qxe4 26. dxc7 Qc2+ 27. Kh1 Rc8 28. Qxb7 Rxc7 29. Qxc7 Qe4+ 30. Kh2 Qe2+ 31. Kg1 Bd4+ 32. Kh1 Qf3+ 33. Kh2 Qf2+ 34. Kh1 Qg3 35.
Qc8+ Kg7 36. g5 Qf3+ 37. Kh2 Qxf4+ 38. Kh1 Be5 39. Kg2 Qg3+ 40. Kf1 Bd4 41. Ke2 Qe3+ 42.
Kd1 Qg1+ 43. Kc2 Qxa1 0-1

[Event "*** Titled Tuesday Blitz"]
[Site "Chess.com"]
[Date "2020.04.28"]
[Round "3"]
[White "AshotParvanyan"]
[Black "QueenOfTactics90"]
[Result "1-0"]
[WhiteElo "2471"]
[BlackElo "1934"]
[TimeControl "180+1"]
[EndTime "10:28:27 PDT"]
[Termination "AshotParvanyan won by resignation"]

1. Nf3 c5 2. c4 Nc6 3. d4 cxd4 4. Nxd4 g6 5. e4 Bg7 6. Nc2 Nf6 7. Nc3 Qa5 8. Bd2 O-O 9. Be2 d6 10. O-O Be6 11.
Rc1 Qd8 12. b3 Rc8 13. Re1 a6 14. Ne3 Nd4 15. Bf1 Bd7 16. Ned5 e6 17. Nxf6+ Bxf6 18. Be3 Nc6 19. Qxd6 Be5 20. Qd2 Qc7 21. f4 Bg7 22. e5 Rfd8 23. Ne4 Be8 24. Nd6 Nxe5 25. fxe5 Bxe5 26. c5 b6 27. Bg5 f6 28. Rxe5 fxe5 29.
Bxd8 Rxd8 30. Nxe8 Qc6 31. Qxd8 1-0

[Event "*** Titled Tuesday Blitz"]
[Site "Chess.com"]
[Date "2020.04.28"]
[Round "3"]
[White "MrRooke6"]
[Black "hazy13"]
[Result "1-0"]
[WhiteElo "2413"]
[BlackElo "2197"]
[TimeControl "180+1"]
[EndTime "10:28:27 PDT"]
[Termination "MrRooke6 won by checkmate"]

1. d4 d5 2. c4 c6 3. Nf3 Nf6 4. Nc3 e6 5. e3 Nbd7 6. b3 Bd6 7. Bd3 O-O 8. O-O Re8 9. e4 dxe4 10. Nxe4 Nxe4 11. Bxe4 e5 12. Bb2 exd4 13. Qxd4 Bf8 14. Rad1 Qc7 15. Rfe1 Nf6 16. Bxh7+ Kxh7 17. Qh4+ Kg8 18.
Bxf6 Rxe1+ 19. Rxe1 gxf6 20. Qxf6 Qd6 21. Qg5+ Qg6 22.
Qh4 Be6 23. Re5 Bg7 24. Re3 a5 25. h3 a4 26. Ne5 Qf6 27. Qg3 axb3 28. axb3 Ra1+ 29.
Kh2 Bf5 30. f4 Be6 31. Nf3 Qf5 32. Ng5 Qb1 33. Qf2 Qh1+ 34. Kg3 Qd1 35. f5 Bd4 36. fxe6 Bxe3 37. Qxf7+ Kh8 38. Qf8# 1-0

[Event "*** Titled Tuesday Blitz"]
[Site "Chess.com"]
[Date "2020.04.28"]
[Round "3"]
[White "Grandelicious"]
[Black "vovachesss"]
[Result "1-0"]
[WhiteElo "2774"]
[BlackElo "2584"]
[TimeControl "180+1"]
[EndTime "10:28:28 PDT"]
[Termination "Grandelicious won by checkmate"]

1. e4 Nf6 2. e5 Nd5 3. c4 Nb6 4. a4 d6 5. a5 N6d7 6. exd6 exd6 7. d4 Be7 8. Bd3 O-O 9. Ne2 d5 10. O-O dxc4 11. Bxc4 Nf6 12. Nbc3 a6 13. Be3 b5 14.
axb6 cxb6 15. Ng3 Bb7 16. Nf5 Nc6 17. d5 Ne5 18. d6 Bxd6 19. Nxd6 Qc7 20. Qd4 Neg4 21.
Bf4 Rad8 22. Rad1 Qc6 23. f3 Nh6 24. Bxh6 Rxd6 25. Qxd6 Qxc4 26. Bg5 Nh5 27. Qxb6 Ba8 28. Qd6 Qb3 29. Qxf8+ Kxf8 30. Rd8# 1-0

[Event "*** Titled Tuesday Blitz"]
[Site "Chess.com"]
[Date "2020.04.28"]
[Round "3"]
[White "PavelChernomordik"]
[Black "Lestofante90"]
[Result "0-1"]
[WhiteElo "2412"]
[BlackElo "2658"]
[TimeControl "180+1"]
[EndTime "10:28:28 PDT"]
[Termination "Lestofante90 won by resignation"]

1. e4 c6 2. Nc3 d5 3. Nf3 Bg4 4. h3 Bxf3 5. Qxf3 e6 6. Qg3 Nd7 7. d3 g6 8. Bd2 Bg7 9. f4 Ne7 10. h4 Qb6 11. O-O-O d4 12. Ne2 c5 13. h5 Nc6 14. f5 Be5 15. Bf4 gxf5 16. exf5 O-O-O 17. fxe6 fxe6 18. Qh3 Nb4 19. Kb1 Nd5 20. Bxe5 Nxe5 21. Qg3 Qd6 22. Re1 Ne3 23. Nf4 Rhg8 24. Qh3 Rg4 25. g3 Rdg8 26. Be2 Rxg3 27. Qxe6+ Kc7 28. Qb3 a6 29. Ne6+ Kb8 30. Bd1 c4 31. dxc4 Qxe6 32.
c5 Qxb3 33. axb3 Nf3 34. Bxf3 Rxf3 35. Rh4 Ng2 36. Rg1 d3 37. cxd3 Rxd3 38. Rh2 Rdg3 39.
h6 Nf4 40. Rxg3 Rxg3 41. Rf2 Rg4 42. b4 Rh4 43. Ka2 Nd5 44. Rf5 Nxb4+ 45. Kb3 Nc6 46.
Rf8+ Ka7 47. Rf6 Rh5 48. Kc4 a5 49. Kb5 Rh4 0-1

[Event "*** Titled Tuesday Blitz"]
[Site "Chess.com"]
[Date "2020.04.28"]
[Round "3"]
[White "IAgrest"]
[Black "YoungUzbek"]
[Result "0-1"]
[WhiteElo "2271"]
[BlackElo "2524"]
[TimeControl "180+1"]
[EndTime "10:28:28 PDT"]
[Termination "YoungUzbek won by resignation"]

1. e4 e5 2. Nf3 Nc6 3. Bb5 a6 4. Ba4 Nf6 5. O-O Bc5 6. c3 b5 7.
Bc2 d6 8. d4 Bb6 9. a4 Bb7 10.
Re1 O-O 11. Bg5 h6 12. Bh4 g5 13. Nxg5 hxg5 14. Bxg5 Kg7 15. Qf3 Rh8 16. d5 Na5 17. Nd2 Kg6 18. h4 Rh5 19. Nf1 Rxg5 20. hxg5 Nh5 21.
Qf5+ Kg7 22. axb5 Bc8 23. Qf3 Qxg5 24. b4 Nc4 25. Bd1 Nf4 26. Ng3 Bd7 27. bxa6 Ba7 28.
Bb3 Nd2 29. Qd1 Qxg3 0-1

[Event "*** Titled Tuesday Blitz"]
[Site "Chess.com"]
[Date "2020.04.28"]
[Round "3"]
[White "KrakenBeast"]
[Black "secretsuperstar7"]
[Result "1-0"]
[WhiteElo "2413"]
[BlackElo "2186"]
[TimeControl "180+1"]
[EndTime "10:28:28 PDT"]
[Termination "KrakenBeast won on time"]

1. d4 Nf6 2. c4 e6 3. Nf3 d5 4. g3 dxc4 5. Bg2 a6 6. O-O Nc6 7. e3 Rb8 8. Nfd2 e5 9. Bxc6+ bxc6 10. dxe5 Ng4 11. Nxc4 Be6 12. Na5 Nxe5 13. f4 Nd3 14. Nxc6 Qc8 15. Qxd3 Rb6 16. Nd4 Bh3 17. Nc3 c5 18. Nf3 Bxf1 19. Kxf1 Be7 20. Nd5 Rd6 21. e4 Qd8 22. Be3 O-O 23. Bxc5 Rxd5 24. Qxd5 Qxd5 25.
exd5 Bxc5 26. Rc1 Bb4 27. a3 Be7 28. Rc7 Bf6 29. Ne5 Rd8 30. Rc5 h6 31. Ke2 Be7 32. Nc6 1-0

[Event "*** Titled Tuesday Blitz"]
[Site "Chess.com"]
[Date "2020.04.28"]
[Round "3"]
[White "Colombiano07"]
[Black "Yerlan-Ra"]
[Result "1-0"]
[WhiteElo "2229"]
[BlackElo "2414"]
[TimeControl "180+1"]
[EndTime "10:28:28 PDT"]
[Termination "Colombiano07 won by resignation"]

1. d4 Nf6 2. Nf3 g6 3. Bf4 Bg7 4.
e3 d5 5. Be2 O-O 6. O-O Nbd7 7.
c4 c6 8. Nc3 Re8 9. h3 a6 10.
b4 dxc4 11. Bxc4 Nb6 12. Bb3 Nbd5 13. Nxd5 Nxd5 14. Bxd5 Qxd5 15. a4 Bf5 16. Qc1 a5 17. Qc5 axb4 18. Qxb4 Ra7 19. a5 Be4 20. Ne1 e5 21.
dxe5 Bxe5 22. Bxe5 Rxe5 23. Ra3 Qb5 24. Qd6 Qc5 25.
Qd8+ Kg7 26. Nd3 Bxd3 27. Rxd3 Qxa5 28. Qb8 b5 29. Rd8 Qa3 30. Qxe5+ f6 31. Qe8 Qe7 32.
Qxe7+ Rxe7 33. Rc8 Re6 34. Rc1 1-0

[Event "*** Titled Tuesday Blitz"]
[Site "Chess.com"]
[Date "2020.04.28"]
[Round "3"]
[White "petincash"]
[Black "AlexOstrovskiy"]
[Result "1-0"]
[WhiteElo "2391"]
[BlackElo "2559"]
[TimeControl "180+1"]
[EndTime "10:28:29 PDT"]
[Termination "petincash won on time"]

1. e4 c6 2. d4 d5 3. Nc3 dxe4 4. Nxe4 Nf6 5. Ng3 h5 6. h4 g6 7. Nf3 Bg4 8. Be2 Bg7 9. c3 Nbd7 10. Ng5 Bxe2 11. Qxe2 O-O 12. O-O Re8 13. Bd2 Qc7 14. Rae1 e5 15. Qc4 Nb6 16. Qb3 exd4 17. Bf4 Qd7 18.
cxd4 Nfd5 19. Be5 f6 20. Qd3 fxg5 21. Qxg6 Nf4 22. Qxg5 Nd3 23. Nf5 Rxe5 24. dxe5 Nxe1 25. e6 Qc7 26. Rxe1 Nd5 27. e7 1-0

[Event "*** Titled Tuesday Blitz"]
[Site "Chess.com"]
[Date "2020.04.28"]
[Round "3"]
[White "Bulldog167"]
[Black "Sven_Tica"]
[Result "1-0"]
[WhiteElo "2813"]
[BlackElo "2611"]
[TimeControl "180+1"]
[EndTime "10:28:30 PDT"]
[Termination "Bulldog167 won on time"]

1. d4 d5 2. c4 e6 3. Nc3 Nf6 4. Nf3 Nbd7 5. cxd5 exd5 6. Bg5 c6 7. Qc2 Bd6 8. e3 Nf8 9. Ne5 Ng6 10. f4 Bxe5 11. fxe5 h6 12. exf6 hxg5 13. fxg7 Rg8 14. Bd3 Rxg7 15.
O-O Be6 16. e4 dxe4 17. Bxe4 Qxd4+ 18. Kh1 O-O-O 19. Rad1 Qb6 20. Na4 Qc7 21. Rxd8+ Qxd8 22. Nc5 Bd5 23. Bxd5 Qxd5 24. Rd1 Qe5 25. Qd3 1-0

[Event "*** Titled Tuesday Blitz"]
[Site "Chess.com"]
[Date "2020.04.28"]
[Round "3"]
[White "realmadridtv"]
[Black "Revnov"]
[Result "0-1"]
[WhiteElo "2332"]
[BlackElo "2667"]
[TimeControl "180+1"]
[EndTime "10:28:30 PDT"]
[Termination "Revnov won by resignation"]

1. d4 e6 2. c4 Bb4+ 3. Nd2 c5 4. a3 Bxd2+ 5. Qxd2 cxd4 6. Qxd4 Nf6 7. Nf3 Nc6 8.
Qd2 O-O 9. e3 Ne4 10. Qc2 d5 11. Bd3 f5 12. O-O Qe7 13. b4 Bd7 14. cxd5 exd5 15. b5 Na5 16. Qa2 Be6 17. Nd4 Nc4 18. a4 Rfc8 19. Ba3 Qf6 20. Rac1 Bf7 21. Rc2 Rc7 22.
Rfc1 Rac8 23. Bb4 h6 24. Be1 f4 25. f3 fxe3 26. Ne2 Ned2 27. Bxc4 dxc4 28. Nc3 Qd4 29. Kh1 Rc5 30. Bxd2 exd2 31. Rxd2 Qf4 32. Rf1 Rh5 33. g3 Qxg3 34. Rg2 Qe5 35. Rfg1 Qxc3 36. Qe2 Rg5 37. Rxg5 hxg5 38. Rxg5 Qa1+ 39. Rg1 Qf6 40.
b6 axb6 0-1

[Event "*** Titled Tuesday Blitz"]
[Site "Chess.com"]
[Date "2020.04.28"]
[Round "3"]
[White "Generalas"]
[Black "robertofabregas"]
[Result "1-0"]
[WhiteElo "2344"]
[BlackElo "2121"]
[TimeControl "180+1"]
[EndTime "10:28:30 PDT"]
[Termination "Generalas won by resignation"]

1. e4 c5 2. c3 d6 3. d4 cxd4 4. cxd4 Nf6 5. Nc3 a6 6. a4 Nc6 7. Be2 g6 8. Nf3 Bg7 9. O-O O-O 10. h3 Qb6 11. d5 Ne5 12. Nxe5 dxe5 13. a5 Qd4 14.
Be3 Qxd1 15. Rfxd1 Bd7 16. Na4 Bxa4 17. Rxa4 Rac8 18.
Rb4 Rc7 19. f3 Nd7 20. Rc1 Rfc8 21. Rxc7 Rxc7 22. Kf2 Bf8 23. Rc4 Rxc4 24. Bxc4 f5 25.
Ke2 f4 26. Bf2 Kf7 27. Kd3 Ke8 28. b4 Kd8 29. b5 axb5 30. Bxb5 Kc7 31. Kc4 Nb8 32.
Bb6+ Kc8 33. Bc5 Nd7 34. Bb4 Nb8 35. Bc3 Kc7 36. Bxe5+ Kc8 37. Bxf4 1-0

[Event "*** Titled Tuesday Blitz"]
[Site "Chess.com"]
[Date "2020.04.28"]
[Round "3"]
[White "Ana_Berke"]
[Black "Konek-Gorbunok"]
[Result "0-1"]
[WhiteElo "2101"]
[BlackElo "2324"]
[TimeControl "180+1"]
[EndTime "10:28:30 PDT"]
[Termination "Konek-Gorbunok won by resignation"]

1. e4 c5 2. Nf3 a6 3. c4 d6 4. d4 Bg4 5. Be3 cxd4 6. Bxd4 Nc6 7. Be3 Nf6 8. Nc3 g6 9. Be2 Bg7 10. O-O O-O 11. h3 Bxf3 12. Bxf3 Rc8 13. Rc1 Ne5 14.
Be2 Nxc4 15. Bxc4 Rxc4 16. f3 Qc7 17. Qd3 Rc8 18. Kh2 d5+ 19. Kg1 d4 20. Bxd4 Rxd4 21. Qxd4 Ng4 22. e5 Nxe5 23. Qe3 Nc4 24. Qf2 Bh6 25. Rcd1 Be3 26. Nd5 Bxf2+ 27. Rxf2 Qc5 28. Kf1 e6 29. Nc3 Ne3+ 0-1

[Event "*** Titled Tuesday Blitz"]
[Site "Chess.com"]
[Date "2020.04.28"]
[Round "3"]
[White "Mikedannnn"]
[Black "Jabberwockiez"]
[Result "1-0"]
[WhiteElo "2528"]
[BlackElo "2291"]
[TimeControl "180+1"]
[EndTime "10:28:31 PDT"]
[Termination "Mikedannnn won by checkmate"]

1. e4 c5 2. Nf3 Nc6 3. Bb5 d6 4. c3 Nf6 5. Qe2 e5 6. d4 cxd4 7. cxd4 Qa5+ 8. Nc3 a6 9. Bxc6+ bxc6 10. O-O Bg4 11. dxe5 dxe5 12. h3 Bh5 13. g4 Bg6 14. Nd2 Be7 15. Nc4 Qc5 16. Be3 Qb4 17. f3 O-O 18. Kg2 h5 19. Nxe5 hxg4 20. hxg4 Bh7 21. Rh1 Rac8 22. Rab1 Bd6 23. Nc4 Bb8 24. Rh3 Qb7 25.
Rbh1 Qc7 26. g5 Nd7 27. Rxh7 Qg3+ 28. Kf1 f6 29. Nd6 g6 30. Rh8+ Kg7 31. R1h7# 1-0

[Event "*** Titled Tuesday Blitz"]
[Site "Chess.com"]
[Date "2020.04.28"]
[Round "3"]
[White "x-3738459472"]
[Black "chito89"]
[Result "0-1"]
[WhiteElo "2519"]
[BlackElo "2747"]
[TimeControl "180+1"]
[EndTime "10:28:32 PDT"]
[Termination "chito89 won by resignation"]

1. d4 Nf6 2. Bf4 e6 3. e3 d5 4. Bd3 Bd6 5. Bg3 c5 6. c3 O-O 7. Nf3 Qc7 8. Nbd2 Nbd7 9. Qe2 Bxg3 10. hxg3 e5 11. dxe5 Nxe5 12. Nxe5 Qxe5 13. Nf3 Qe7 14. O-O-O h6 15. Kb1 b5 16. Bxb5 Rb8 17. Bd3 Bg4 18.
Ka1 Rb6 19. Rb1 Rfb8 20. Qc2 Ne4 21. c4 Nf6 22. Rhc1 Be6 23. Nd2 Qb7 24. b3 Qc7 25.
cxd5 Nxd5 26. Qxc5 Qd8 27. Qd4 Nb4 28. Nf3 Rd6 29. Qxa7 Nxd3 30. Rc2 Ra8 31. Qc7 Qf6+ 32. Nd4 Nb4 33. Rcb2 Rda6 34. Rc1 Nxa2 35. Rxa2 Rxa2+ 0-1

[Event "*** Titled Tuesday Blitz"]
[Site "Chess.com"]
[Date "2020.04.28"]
[Round "3"]
[White "Borsuk_Konstantin"]
[Black "Ekka83"]
[Result "1-0"]
[WhiteElo "2570"]
[BlackElo "2354"]
[TimeControl "180+1"]
[EndTime "10:28:33 PDT"]
[Termination "Borsuk_Konstantin won by resignation"]

1. d4 Nf6 2. c4 g6 3. Nc3 Bg7 4. e4 O-O 5. h3 d6 6. Be3 e5 7.
d5 a5 8. g4 Na6 9. Bd3 Nc5 10.
Bc2 Nfd7 11. Nf3 Nb6 12. Qe2 f5 13. gxf5 gxf5 14. exf5 Bxf5 15. Bxf5 Rxf5 16. Nd2 Qh4 17. Bxc5 dxc5 18. Nde4 Raf8 19. O-O-O Kh8 20. Rdg1 Bh6+ 21. Kb1 Qf4 22. Rg3 Nc8 23. Nxc5 Qxf2 24. Qxf2 Rxf2 25.
N5e4 R2f3 26. Rxf3 Rxf3 27. c5 Bf8 28. Ng5 Rf6 29. Ne6 Be7 30. Ne4 Rg6 31. Nxc7 b6 32. c6 Nd6 33. Nxd6 Bxd6 34. Ne8 Bb8 1-0

[Event "*** Titled Tuesday Blitz"]
[Site "Chess.com"]
[Date "2020.04.28"]
[Round "3"]
[White "IljaJoke"]
[Black "ShieldingOff"]
[Result "1-0"]
[WhiteElo "2474"]
[BlackElo "2025"]
[TimeControl "180+1"]
[EndTime "10:28:33 PDT"]
[Termination "IljaJoke won on time"]

1. d4 c5 2. d5 e5 3. Nc3 d6 4. e4 Be7 5. Bb5+ Nd7 6. a4 a6 7.
Be2 Bg5 8. Nf3 Bxc1 9. Qxc1 Ne7 10.
Nd2 O-O 11. Nc4 Nf6 12. O-O Ng6 13. g3 Bh3 14. Re1 Rb8 15. a5 Qe7 16. Ra3 Nd7 17.
Bf1 Bxf1 18. Rxf1 b5 19. axb6 Nxb6 20. Ne3 Qb7 21. Qd2 Ne7 22. Rfa1 Ra8 23. Qe2 c4 24. Nxc4 Nxc4 25. Qxc4 Qxb2 26. R3a2 Qb6 27. Rxa6 Rxa6 28. Rxa6 Qb2 29. Rxd6 Qxc2 30. Kg2 h5 31. Rd7 Rc8 32.
Qe2 1-0